 Dungeon Crawl Stone Soup version 0.29.1 (webtiles) character file.

Game seed: 195251369223980142

54 groovy9 the Shooter (level 3, -4/31 HPs)
             Began as a Minotaur Hunter on Sept 15, 2022.
             Killed from afar by Sigmund (5 damage)
             ... with a magic dart
             ... on level 2 of the Dungeon.
             The game lasted 00:02:36 (1400 turns).

groovy9 the Shooter (Minotaur Hunter)               Turns: 1400, Time: 00:02:37

Health: -4/31      AC:  3    Str: 15    XL:     3   Next: 66%
Magic:  2/2        EV: 12    Int:  6    God:
Gold:   105        SH:  0    Dex: 15    Spells: 2/2 levels left

rFire   . . .      SeeInvis .   a - +0 shortbow
rCold   . . .      Faith    .   (shield currently unavailable)
rNeg    + . .      Spirit   .   c - +0 leather armour
rPois   .          Reflect  .   (helmet restricted)
rElec   .          Harm     .   (no cloak)
rCorr   .          Rampage  .   (no gloves)
Will    .....                   (no boots)
Stlth   ++........              (no amulet)
HPRegen 0.10/turn               h - ring of positive energy
MPRegen 0.08/turn               (no ring)

@: no status effects
A: horns 2, retaliatory headbutt
a: no special abilities


You were on level 2 of the Dungeon.
You visited 1 branch of the dungeon, and saw 2 of its levels.

You collected 105 gold pieces.

Inventory:

Hand Weapons
 a - a +0 shortbow (weapon)
Armour
 c - a +0 leather armour (worn)
Jewellery
 h - a ring of positive energy (left hand)
Wands
 i - a wand of polymorph (8)
Scrolls
 b - a scroll of immolation
 j - a scroll of identify
Potions
 d - 2 potions of brilliance
 e - a potion of curing {unknown}
 f - a potion of flight {unknown}
 g - a potion of resistance {unknown}
 k - a potion of haste {unknown}


   Skills:
 + Level 3.2 Fighting
 + Level 4.8 Ranged Weapons
 + Level 2.9 Dodging
 + Level 1.6 Stealth


You had 2 spell levels left.
You didn't know any spells.
Your spell library contained the following spells:

 Spells                   Type           Power      Damage    Failure   Level
 Necrotise                Necr           0%         1d4       52%         1
 Summon Small Mammal      Summ           0%         N/A       52%         1
 Call Canine Familiar     Summ           0%         N/A       88%         3
 Summon Guardian Golem    Hex/Summ       0%         N/A       88%         3
 Vampiric Draining        Necr           0%         2d6       88%         3
 Agony                    Necr           0%         N/A       100%        5


Dungeon Overview and Level Annotations

Branches:
Dungeon (2/15)

Altars:
Fedhas

Annotations:
D:2 Sigmund


Innate Abilities, Weirdness & Mutations

You have a pair of horns on your head.
You reflexively headbutt those who attack you in melee.


Message History

You shoot an arrow. The arrow hits Sigmund.
Sigmund is heavily wounded.
You shoot an arrow. The arrow barely misses Sigmund.
Sigmund gestures wildly while chanting.
Sigmund flickers and vanishes!
Deactivating autopickup; reactivate with Ctrl-A.
You hear some strange, mumbled words.
A puff of flame appears from out of thin air!
The puff of flame hits you!
You are too injured to fight recklessly!
Fire: a) +0 shortbow
Press: ? - help, Q - select action, (/) - cycle Shift-Dir - straight line You shoot an arrow.
Something hits you but does no damage.
Fire: a) +0 shortbow
Press: ? - help, Q - select action, (/) - cycle Shift-Dir - straight line You shoot an arrow.
You hear some strange, mumbled words.
A puff of flame appears from out of thin air!
The puff of flame hits you!
Fire: a) +0 shortbow
Press: ? - help, Q - select action, (/) - cycle Shift-Dir - straight line You shoot an arrow.
Something hits you but does no damage.
Fire: a) +0 shortbow
Press: ? - help, Q - select action, (/) - cycle Shift-Dir - straight line You shoot an arrow.
Something hits you!
* * * LOW HITPOINT WARNING * * *
Okay, then.
Okay, then.
A puff of flame appears from out of thin air!
The puff of flame misses you.
Something tries to affect you, but you resist.
A puff of flame appears from out of thin air!
The puff of flame hits you.
* * * LOW HITPOINT WARNING * * *
A magic dart appears from out of thin air!
The magic dart hits you.
You die...

..###.## ###...### #.##...##
########.......#
#.#.....#######..............#
#.....).........######.......#
..#.....######### ###...######
###............#### #......{.. #
#.#.............## ##.#.#####
###.......####.#(..######.#.#####
......#.#.......@......{.......##
.....###..####.#...######........
.##.#)#.#.# # ##.## ###.##.##
.##.##.##.# #.# #......
.##.##.##.#### #.# ####.##
..#.##........ #.# #.#
#...##.#.##### #.. #.# .........#
### #.# ..P......# #.#


There were no monsters in sight!

Vanquished Creatures
  An adder (D:2)
  A dart slug (D:1)
  6 bats
  7 endoplasms
  3 giant cockroaches (D:1)
  4 goblins (D:1)
  5 hobgoblins
  3 quokkas
  2 ball pythons
  A frilled lizard (D:2)
  A kobold (D:2)
  3 rats
37 creatures vanquished.

Vanquished Creatures (others)
  A demonic plant (D:2)
1 creature vanquished.

Grand Total: 38 creatures vanquished

Notes
Turn   | Place    | Note
-------+----------+-------------------------------------------
     0 | D:1      | groovy9 the Minotaur Hunter began the quest for the Orb.
     0 | D:1      | Reached XP level 1. HP: 18/18 MP: 0/0
   128 | D:1      | Reached skill level 1 in Stealth
   156 | D:1      | Reached XP level 2. HP: 25/25 MP: 1/1
   714 | D:1      | Reached XP level 3. HP: 30/30 MP: 2/2
  1084 | D:2      | Found a blossoming altar of Fedhas.
  1293 | D:2      | Found a faded altar of an unknown god.
  1293 | D:2      | Noticed a rust devil
  1367 | D:2      | Noticed Sigmund
  1399 | D:2      | HP: 1/31 [something/puff of flame (6)]
  1400 | D:2      | Killed from afar by Sigmund

Illustrated notes

Levels and vault maps discovered:
D:1:      dpeg_arrival_leaves_temple_mockup, layout_basic, minmay_pentomino_s2
D:2:      layout_loops_ring, dreamdust_ecumenical_altar_sealed_demon,
          basic_altar, minmay_goblin_outpost, uniq_sigmund

Skill      XL: |  1  2  3 |
---------------+----------+-----
Stealth        | 1 |  1.6
Fighting       | 3 |  3.2
Ranged Weapons | |  4.8
Dodging        | |  2.9

Action                   || total
-------------------------++-------
 Fire: Shortbow          ||    93
  Use: Scroll            ||     3
Armor: Leather armour    ||     9
Dodge: Dodged            ||    22
